Map: Dreamcatcher LE

Players

CaptainAsum

  • Race: Terran Terran
  • League: Gold
  • Spawn Location: 5:00

Test - Winner!

  • Race: Terran Terran
  • League: Gold
  • Spawn Location: 11:00

VOD

Have the link to the VOD?

Description

Time

  • Played on: May 16, 2018, 4:18 p.m.
  • Length: 8:01
Show
View Real Time Build Order
Export as new Build Order

CaptainAsum Terran 

Build Orders: MMM Bio 

Get SALT Encoding   

  12  0:01  SCV  
  13  0:13  SCV  
  14  0:18  Supply Depot  
  14  0:25  SCV  
  15  0:40  SCV  
  15  0:41  Barracks  
  16  0:50  Refinery  
  16  0:52  SCV  
  17  1:05  Refinery  
  17  1:07  SCV  
  18  1:19  SCV  
  18  1:24  Supply Depot  
  19  1:30  Barracks  
  19  1:36  Reaper  
  20  1:49  Barracks  
  20  1:54  Supply Depot  
  20  1:55  SCV  
  21  2:07  SCV  
  22  2:10  Reaper  
  23  2:19  SCV, Reaper  
  25  2:31  SCV  
  26  2:39  Reaper  
  27  2:45  Reaper  
  28  2:51  Reaper  
  29  3:06  Command Center  
  29  3:11  Reaper  
  30  3:19  Reaper  
  31  3:33  Reaper  
  32  3:43  Reaper  
  34  3:51  Orbital Command  
  34  3:53  Reaper  
  34  4:01  Engineering Bay  
  34  4:04  Engineering Bay, Factory  
  27  4:21  Barracks Tech Lab x2  
  27  4:30  Orbital Command  
  27  4:31  SCV  
  28  4:35  Terran Infantry Weapons Level 1  
  28  4:37  Terran Infantry Armor Level 1  
  28  4:43  SCV, Refinery  
  29  4:50  Factory Tech Lab  
  29  4:54  Barracks Reactor  
  29  4:55  SCV  
  29  4:56  Starport  
  30  5:04  SCV  
  31  5:07  SCV  
  31  5:12  Marauder x2  
  36  5:16  SCV  
  36  5:19  SCV  
  38  5:23  Armory  
  39  5:28  SCV  
  39  5:31  SCV  
  39  5:33  Supply Depot  
  40  5:48  Marine x2  
  40  5:49  Marauder x2  
  46  5:50  SCV x2  
  46  5:53  Starport Reactor  
  46  5:55  Stimpack  
  48  5:57  Combat Shields  
  48  6:02  SCV x2  
  50  6:12  Supply Depot  
  50  6:14  SCV x2  
  52  6:26  SCV x2  
  54  6:34  Supply Depot  
  50  6:54  Marine x2  
  50  6:55  Marine, Marauder  
  50  6:57  Medivac x2  
  50  7:00  SCV  
  50  7:01  SCV  
  61  7:03  Refinery  
  61  7:12  Marine x2, Barracks  
  61  7:13  SCV x2, Marauder  
  61  7:15  Supply Depot  
  67  7:16  Marine  
  67  7:19  Supply Depot  
  67  7:20  Supply Depot  
  68  7:25  SCV  
  68  7:27  Medivac x2  
  68  7:29  Marine  
  35  7:37  Supply Depot  
Show
View Real Time Build Order
Export as new Build Order

Test Terran - Winner!

Build Orders: Command Center First (CC) 

Get SALT Encoding   

  12  0:00  SCV  
  13  0:12  SCV  
  14  0:18  Supply Depot  
  14  0:24  SCV  
  15  0:30  Refinery  
  15  0:40  SCV  
  16  0:52  SCV  
  17  1:04  SCV  
  18  1:18  Command Center  
  18  1:25  SCV  
  19  1:32  Barracks  
  19  1:37  SCV  
  20  1:46  Barracks  
  20  1:50  SCV  
  21  2:00  Barracks  
  21  2:04  SCV  
  22  2:19  Marine  
  23  2:23  Orbital Command  
  23  2:30  Orbital Command  
  23  2:35  Barracks Reactor  
  23  2:37  Marine  
  23  2:48  Barracks Reactor  
  23  2:55  Marine  
  25  2:58  SCV x2  
  25  3:04  Barracks  
  25  3:09  Engineering Bay  
  25  3:12  Marine x3  
  25  3:29  Marine x2  
  25  3:30  Marine x2  
  29  3:46  Marine  
  29  3:47  Marine x2  
  29  3:48  Marine  
  32  3:49  Barracks Tech Lab, SCV  
  32  3:52  SCV  
  32  3:55  Barracks Reactor  
  34  4:01  SCV  
  35  4:04  Marine x2, Supply Depot  
  35  4:05  Marine  
  35  4:07  Marine  
  31  4:18  Marine  
  31  4:20  SCV  
  31  4:22  Marine x2  
  31  4:23  Marine  
  36  4:25  Marine  
  36  4:29  Terran Infantry Weapons Level 1  
  37  4:32  Marine, SCV  
  37  4:35  Marine  
  37  4:36  Marine  
  41  4:40  Marine  
  41  4:42  SCV  
  41  4:43  Marine  
  41  4:44  SCV  
  45  4:53  Sensor Tower  
  45  4:55  Supply Depot  
  45  5:05  Refinery  
  45  5:12  Marine  
  46  5:17  Marine, SCV x2  
  49  5:21  Supply Depot  
  49  5:24  Stimpack  
  49  5:29  SCV x2  
  51  5:41  SCV x2  
  53  5:43  Missile Turret  
  53  5:46  Marine x5  
  53  5:47  Marine  
  53  5:48  Marine  
  60  5:53  SCV x2  
  60  5:54  Supply Depot  
  62  6:15  Marine x6, SCV  
  69  6:18  Marine  
  70  6:40  Marine, Supply Depot  
  70  6:42  Supply Depot x2  
  70  6:47  Marine  
  70  6:50  SCV  
  70  6:51  Marine  
  70  7:01  Marine x5  
  70  7:02  SCV  
  70  7:05  Marine  
  77  7:09  Marine, Command Center  
  77  7:10  Supply Depot  
  78  7:19  Marine x5  
  83  7:23  Marine  
  83  7:27  Marine  
  74  7:37  Marine x5  
  74  7:41  Marine  
Tags
 
Add a new tag
Caveats
  • Supply blocks, unpowered buildings, or Contaminate may cause inaccurate times.
  • Supply counts are checked every 10 seconds.